 Dungeon Crawl Stone Soup version 0.31-a0-816-gd61d57ddb1 (webtiles) character file.

Game seed: 3461633823012147922

29 Maratek the Ducker (level 3, -6/26 HPs)
             Began as an Octopode Fighter on Sept 22, 2023.
             Was a Follower of Kikubaaqudgha.
             Mangled by a gnoll
             ... wielding a +0 spear
              (10 damage)
             ... on level 2 of the Dungeon.
             The game lasted 00:01:10 (1480 turns).

Maratek the Ducker (Octopode Fighter)               Turns: 1480, Time: 00:01:10

Health: -6/26      AC:  1    Str: 17    XL:     3   Next: 16%
Magic:  3/3        EV: 13    Int: 10    God:    Kikubaaqudgha [*.....]
Gold:   74         SH:  4    Dex: 11    Spells: 2/2 levels left

rFire   . . .        a - +0 war axe
rCold   . . .        b - +0 buckler
rNeg    . . .        (helmet restricted)
rPois   .            (no amulet)
rElec   .            (no ring)
rCorr   .            (no ring)
SInv    .            (no ring)
Will    .....        (no ring)
Stlth   ++           (no ring)
HPRegen 0.24/turn    (no ring)
MPRegen 0.08/turn    (no ring)
                     (no ring)

%: no passive effects
@: no status effects
A: almost no armour, amphibious, 8 rings, camouflage 1, gelatinous body 1,
(nimble swimmer 1), tentacles
a: Renounce Religion, Unearth Wretches


You were on level 2 of the Dungeon.
You worshipped Kikubaaqudgha.
Kikubaaqudgha was aware of your devotion.
You visited 1 branch of the dungeon, and saw 2 of its levels.

You collected 74 gold pieces.

Inventory:

Hand Weapons
 a - a +0 war axe (weapon)
Armour
 b - a +0 buckler (worn)
Scrolls
 e - a scroll of blinking {unknown}
 f - a scroll of teleportation {unknown}
 g - a scroll of identify {unknown}
Potions
 c - 2 potions of might
 d - a potion of enlightenment {unknown}
 h - a potion of curing {unknown}


   Skills:
 + Level 3.3 Fighting
 + Level 2.2 Axes
 + Level 3.4 Dodging
 + Level 1.0 Stealth
 + Level 3.2 Shields


You had 2 spell levels left.
You didn't know any spells.
Your spell library contained the following spells:

 Spells                   Type           Power      Damage    Failure   Level
 Necrotise                Necr           0%         1d4       43%         1
 Cigotuvi's Dreadful Rot  Necr/Pois/Air  0%         N/A       58%         2
 Vampiric Draining        Necr           0%         2d6       82%         3
 Animate Dead             Necr           0%         N/A       99%         4


Dungeon Overview and Level Annotations

Branches:
Dungeon (2/15)

Altars:
Kikubaaqudgha


Innate Abilities, Weirdness & Mutations

You cannot wear most types of armour.
You are amphibious.
You can wear up to eight rings at the same time.
Your skin changes colour to match your surroundings (Stealth+).
Your rubbery body absorbs attacks. (AC +1, EV +1)
((You are camouflaged when in or above water. (Stealth+)))
You have tentacles for arms and can constrict up to eight enemies at once.


Message History

Kikubaaqudgha accepts your kill.
You closely miss the goblin. The goblin barely misses you.
The goblin hits you but does no damage. The quokka bites you.
You barely miss the goblin. You grab the goblin. You slash the quokka!
You kill the quokka!
Kikubaaqudgha accepts your kill.
You constrict the goblin.
You kill the goblin!
Kikubaaqudgha accepts your kill.
Your Stealth skill increases to level 1!
You see here a +0 dagger.
You see here a +0 dagger. 2 gnolls come into view.
Found a stone staircase leading up.
The gnoll shouts!
There are monsters nearby!
There are monsters nearby!
A gnoll comes into view. It is wielding a +0 halberd.
The gnoll shouts!
The gnoll hits you from afar with a +0 halberd!
You block the gnoll's attack.
The gnoll hits you from afar with a +0 spear.
You are too injured to fight recklessly!
You are too injured to fight recklessly!
You are too injured to fight recklessly!
You are too injured to fight recklessly!
Found 16 gold pieces.
You block the gnoll's attack. The gnoll hits you with a +0 spear!
* * * LOW HITPOINT WARNING * * *
The gnoll barely misses you.
You hit the gnoll. You grab the gnoll. You squeeze the gnoll.
The gnoll is severely wounded.
You hit the gnoll but do no damage.
You constrict the gnoll, but do no damage.
The gnoll misses you. You block the gnoll's attack.
The gnoll hits you with a +0 spear.
* * * LOW HITPOINT WARNING * * *
The gnoll hits you with a +0 spear!
You die...
Kikubaaqudgha rasps: "You have failed me!
Welcome... death!"

##.####.###.#. .## #.#
##..........# .. ## ..#
#.# ..........### #.
[##.# #.#
..............#.# .#.#
#.#
.###.####.#####..###..#
#.# >....# .# #. ...#.#
#.# ...###
.#####g##.##.#######.#
...#
........#.#......)...#
...# #
#.g@.#))†######### ...#
......g.###..# .....
###......#...# .#####
#.##..#.#..# .. ..
..##.##.# .. $. #.. .
.#.# . .<..# #..# ##..#
#.#


You could see 3 gnolls.

Vanquished Creatures
  A bat (D:2)
  An endoplasm (D:2)
  2 giant cockroaches
  3 goblins (D:2)
  2 hobgoblins
  3 quokkas
  3 frilled lizards (D:2)
  6 kobolds
  6 rats
27 creatures vanquished.

Notes
Turn   | Place    | Note
-------+----------+-------------------------------------------
     0 | D:1      | Maratek the Octopode Fighter began the quest for the Orb.
     0 | D:1      | Reached XP level 1. HP: 16/16 MP: 1/1
   422 | D:1      | Reached XP level 2. HP: 21/21 MP: 2/2
   614 | D:1      | Found a faded altar of an unknown god.
   984 | D:1      | Prayed at the altar of an unknown god.
   984 | D:1      | Became a worshipper of Kikubaaqudgha
   984 | D:1      | Reached * piety under Kikubaaqudgha
   984 | D:1      | Received a gift from Kikubaaqudgha
  1446 | D:2      | Reached XP level 3. HP: 26/26 MP: 3/3
  1458 | D:2      | Reached skill level 1 in Stealth
  1480 | D:2      | Mangled by a gnoll

Illustrated notes

Levels and vault maps discovered:
D:1:      psy_arrival_radial01, layout_basic, basic_ecumenical_altar
D:2:      layout_basic, reono_crystal_passage, minmay_ruptured

Skill      XL: |  1  2  3 |
---------------+----------+-----
Stealth        | 1 |  1.0
Fighting       | |  3.3
Axes           | |  2.2
Dodging        | |  3.4
Shields        | |  3.2

Action                     || total
---------------------------++-------
  Melee: War axe           ||    46
         Constrict         ||    13
         Tentacles         ||     7
   Stab: Sleeping          ||     5
 Armour: Skin              ||    26
  Dodge: Dodged            ||    33
  Block: Buckler           ||     6

Table legend: (Time is in decaauts)
 A = Elapsed time spent in this place.
 B = Non-inter-level travel time spent in this place.
 C = Inter-level travel time spent in this place.
 D = Time resting spent in this place.
 E = Time spent auto-exploring this place.
 F = Levels seen in this place.
 G = Mean time per level.
                   A        B        C        D        E       F      G
               +--------+--------+--------+--------+--------+-----+--------+
         Total |   1499 |   1459 |     40 |      0 |   1291 |   2 |  749.5 |
       Dungeon |   1499 |   1459 |     40 |      0 |   1291 |   2 |  749.5 |
               +--------+--------+--------+--------+--------+-----+--------+

Top non-repeatable levels by time:
     D:1: 1010 daAuts
     D:2: 489 daAuts
